[Event "Late-Titled-Tuesday-Blitz-April-16-2024"]
[Site "Chess.com"]
[Date "2024.04.16"]
[Round "2"]
[White "XDPS"]
[Black "jbking07"]
[Result "1-0"]
[WhiteElo "2815"]
[BlackElo "2407"]
[TimeControl "180+1"]
[EndTime "14:18:07 PDT"]
[Termination "XDPS won by resignation"]

1. d4 Nf6 2. c4 e6 3. Nc3 d5 4. Nf3 Be7 5. Bf4 O-O 6. e3 c6 7. c5 b6 8. b4 a5 9. a3 axb4 10.
axb4 Rxa1 11. Qxa1 bxc5 12. bxc5 Nbd7 13. Qa7 Ne8 14. Bd3 f6 15. Na4 g5 16. Bg3 g4 17.
Nd2 e5 18. O-O Ng7 19. Rb1 h5 20. Qa8 Qc7 21. Nb3 Bd8 22. Nb6 Be7 23. Na5 Nb8 24. Nxd5 cxd5 25. Rxb8 Bd7 26. Rxf8+ Bxf8 27. Qxd5+ Be6 28.
Qa8 Kf7 29. c6 Bb4 30. Nc4 Bd5 31. dxe5 Bxc6 32. Qa2 Ne6 33. exf6 Qd8 34. Ne5+ Kxf6 35. Bh4+ Ng5 36. Qf7+ Kxe5 37. Qf4+ Ke6 38. Bc4+ Kd7 39. Bxg5 Be7 40. Qf5+ Kc7 41. Bf4+ Kb7 42. Qb1+ Qb6 43. Qxb6+ Kxb6 44. Bf7 h4 45. Be6 h3 46. gxh3 g3 47.
hxg3 1-0

[Event "Late-Titled-Tuesday-Blitz-April-16-2024"]
[Site "Chess.com"]
[Date "2024.04.16"]
[Round "2"]
[White "guillembaches"]
[Black "TanitoluwaAps116"]
[Result "0-1"]
[WhiteElo "2539"]
[BlackElo "2788"]
[TimeControl "180+1"]
[EndTime "14:18:09 PDT"]
[Termination "TanitoluwaAps116 won on time"]

1. e4 c5 2. Nf3 e6 3. c4 Nc6 4. Nc3 Nf6 5. d4 cxd4 6. Nxd4 Bb4 7. Nxc6 bxc6 8. Bd3 e5 9. O-O d6 10. Qe2 Bxc3 11.
bxc3 O-O 12. Be3 c5 13. f4 Re8 14. fxe5 Rxe5 15. Bf4 Re6 16. e5 dxe5 17. Bg5 Bb7 18.
Bf5 Rb6 19. Qxe5 h6 20. Bxf6 Rxf6 21. Qxc5 Qd2 22. Bh3 Rg6 23. Qf2 Qxf2+ 24. Rxf2 Rc6 25. Rd1 Re8 26. Rd7 Re1+ 27. Rf1 Rxf1+ 28. Kxf1 Ba6 29.
Rxa7 Bxc4+ 30. Kf2 g6 31. Ra8+ Kg7 32. Rc8 Rf6+ 33.
Ke3 Bxa2 34. c4 g5 35. c5 h5 36. Bd7 Rf1 37. c6 Rc1 38. c7 Bd5 39. g3 Bb7 40.
Rg8+ Kxg8 0-1

[Event "Late-Titled-Tuesday-Blitz-April-16-2024"]
[Site "Chess.com"]
[Date "2024.04.16"]
[Round "2"]
[White "RuperezA"]
[Black "platy3"]
[Result "0-1"]
[WhiteElo "2585"]
[BlackElo "2905"]
[TimeControl "180+1"]
[EndTime "14:18:10 PDT"]
[Termination "platy3 won on time"]

1. e4 c5 2. Nf3 e6 3. b3 b6 4. d4 cxd4 5. Nxd4 Bb7 6. Bd3 Nf6 7. Qe2 d6 8. Bb2 Nbd7 9. c4 Nc5 10. Nc3 Nxd3+ 11. Qxd3 Be7 12. O-O O-O 13. Rad1 a6 14.
f4 Qc7 15. f5 e5 16. Nc2 b5 17.
cxb5 axb5 18. Kh1 d5 19. exd5 b4 20. d6 Bxd6 21. Qxd6 Qxd6 22. Rxd6 bxc3 23. Bxc3 Rfc8 24. Rd3 Be4 25. Rg3 Bxc2 26. Bxe5 Kh8 27. Bxf6 gxf6 28. a4 Bxf5 29. h3 Be6 30. Rxf6 Rab8 31. Rff3 Rc1+ 32.
Kh2 Rb1 33. a5 R1xb3 34. a6 R3b6 35. a7 Ra8 36. Ra3 Rb7 37. Rg5 Rbxa7 38. Rag3 Ra3 39. Rxa3 Rxa3 40. h4 h6 41. Rh5 Kg7 42. Re5 Kf6 43. Re4 Kf5 44. Rd4 Re3 45. g3 Re2+ 46. Kg1 Ke5 47. Rf4 Bd5 48. Kf1 Ra2 49. Rg4 f5 50. Rg6 h5 51. Rg5 Bf3 52. Rg8 Bg4 53. Re8+ Kd4 54.
Kg1 Re2 55. Ra8 Ke3 56. Ra3+ Ke4 57. Kf1 Re3 58. Ra4+ Kf3 59. Rf4+ Kxg3 60. Ra4 Bh3+ 0-1

[Event "Late-Titled-Tuesday-Blitz-April-16-2024"]
[Site "Chess.com"]
[Date "2024.04.16"]
[Round "2"]
[White "artin10862"]
[Black "KChor05"]
[Result "1-0"]
[WhiteElo "2940"]
[BlackElo "2599"]
[TimeControl "180+1"]
[EndTime "14:18:11 PDT"]
[Termination "artin10862 won by resignation"]

1. e4 c5 2. Nf3 Nc6 3. Nc3 g6 4. d4 cxd4 5. Nxd4 Bg7 6. Nb3 Nf6 7.
Be2 O-O 8. O-O a5 9. a4 Qc7 10. Re1 d6 11. Nd5 Nxd5 12. exd5 Nb4 13. c3 Bf5 14. cxb4 Bc2 15. Qd2 Bxb3 16. Ra3 Bc4 17. Bxc4 Qxc4 18. bxa5 Rfc8 19. h3 Rc5 20. b4 Rxd5 21.
Qa2 Qxb4 22. Rae3 Re5 23. Bd2 Qc5 24. Qb3 Qc7 25. Rc1 Qd7 26. Rxe5 Bxe5 27. Rb1 Rd8 28. Qxb7 Qxa4 29. Qxe7 Rd7 30. Rb8+ Kg7 31. Qf8+ Kf6 32. Qh8+ Kf5 33. g4+ Ke4 34. Qc8 Qd1+ 35. Be1 Qxe1+ 36. Kg2 Ra7 37. Qc4+ Bd4 38. Re8+ Kf4 39. Qxd4+ Kg5 40. Rxe1 1-0

[Event "Late-Titled-Tuesday-Blitz-April-16-2024"]
[Site "Chess.com"]
[Date "2024.04.16"]
[Round "2"]
[White "dianamirza"]
[Black "AlejandroArias"]
[Result "0-1"]
[WhiteElo "1933"]
[BlackElo "2426"]
[TimeControl "180+1"]
[EndTime "14:18:11 PDT"]
[Termination "AlejandroArias won by resignation"]

1. d3 d5 2. e4 d4 3. f4 c5 4. Nf3 Nc6 5. g3 e6 6. Bg2 Nf6 7. O-O Be7 8. b3 O-O 9. Bb2 Qc7 10. Nbd2 b6 11. e5 Nd5 12. Ne4 Ne3 13. Qe2 Nxf1 14.
Rxf1 Bb7 15. Nfg5 h6 16. Nh3 Nb4 17. a3 Nd5 18. g4 Ne3 19. Rf3 Bxe4 20. dxe4 Rad8 21.
Nf2 Qc6 22. Rg3 Bh4 23. Rh3 Bxf2+ 24. Kxf2 b5 25. g5 c4 26. gxh6 g6 27. h7+ Kh8 28. f5 exf5 29. Rxe3 dxe3+ 30. Qxe3 Kxh7 31. Qh3+ Kg8 32. e6 f6 33. e7 Qc5+ 34. Ke1 Qxe7 35. bxc4 fxe4 36. cxb5 e3 37. Qh6 Qg7 38. Qf4 e2 39. Kxe2 Rfe8+ 40. Kf2 Qe7 41. Qc4+ Kg7 42. Bd4 Qe1+ 43.
Kf3 Qd1+ 44. Kg3 Qxd4 45. Qxd4 Rxd4 46. Bc6 Rd6 47. c4 Re3+ 0-1

[Event "Late-Titled-Tuesday-Blitz-April-16-2024"]
[Site "Chess.com"]
[Date "2024.04.16"]
[Round "2"]
[White "DonJuanEGenaro"]
[Black "Supelyel"]
[Result "0-1"]
[WhiteElo "1982"]
[BlackElo "2429"]
[TimeControl "180+1"]
[EndTime "14:18:13 PDT"]
[Termination "Supelyel won on time"]

1. Nf3 Nf6 2. d4 d6 3. Bf4 Nbd7 4. e3 Nh5 5. Bg5 h6 6. Bh4 g5 7. Nfd2 Ng7 8. Bg3 Nf5 9. Bd3 Nxg3 10. hxg3 Bg7 11. Nc3 c5 12. d5 a6 13. a4 b6 14.
f4 Nf6 15. fxg5 hxg5 16. Rxh8+ Bxh8 17. Nde4 Ng4 18. Nf2 Nxe3 19. Qh5 Bf6 20. Kd2 Nf5 21.
Nfe4 Ra7 22. Nxg5 e6 23. dxe6 Bxg5+ 24. Ke1 Bxe6 25. Ne4 Be7 26. g4 Nd4 27. Rd1 Kd7 28. c3 Nc6 29. a5 bxa5 30. Nxc5+ Kc8 31. Nxe6 fxe6 32. Qg6 Qd7 33. Bc4 d5 34. Bd3 Ne5 35.
Qg8+ Kc7 36. Be2 Rb7 37. Qg7 Bd6 38. Qxd7+ Kxd7 39. Rd2 Ke7 40. Bxa6 Rb6 41. Be2 a4 42. Kf2 Bc5+ 43. Kg3 Be3 44. Rd1 Rxb2 45. Bf3 Nxf3 46. gxf3 Bd2 47. f4 Bxc3 48. Rh1 a3 49. Rh7+ Kd6 0-1

[Event "Late-Titled-Tuesday-Blitz-April-16-2024"]
[Site "Chess.com"]
[Date "2024.04.16"]
[Round "2"]
[White "IndianSchoolOfSuffering"]
[Black "Janh4"]
[Result "1/2-1/2"]
[WhiteElo "2437"]
[BlackElo "2152"]
[TimeControl "180+1"]
[EndTime "14:18:14 PDT"]
[Termination "Game drawn by repetition"]

1. e4 c6 2. d4 d5 3. e5 c5 4. Nf3 Nc6 5. dxc5 Bg4 6. Bb5 e6 7. b4 Ne7 8. Nbd2 a6 9. Ba4 Qc7 10. O-O Ng6 11. Qe1 Be7 12. h3 Bxf3 13. Nxf3 O-O 14.
a3 Ncxe5 15. Nxe5 Qxe5 16. Qxe5 Nxe5 17. Bf4 Nc6 18. Rad1 Rfd8 19. Rfe1 Rac8 20. Bb3 a5 21. c3 Bf6 22. Rc1 axb4 23. cxb4 Bb2 24. Rcd1 Bxa3 25. b5 Na5 26. Ba4 Bxc5 27. Bg5 f6 28. Bd2 Nc4 29.
Rxe6 Kf7 30. Ree1 Nxd2 31. Rxd2 Bb4 32. Red1 Bxd2 33. Rxd2 b6 34. g4 Rc3 35. Kg2 d4 36.
Bd1 g6 37. Bf3 Rd6 38. Bc6 d3 39. Kf3 Rc2 40. Ke3 Rxd2 41. Kxd2 Ke6 42. Be4 f5 43. Bxd3 fxg4 44. hxg4 Rd4 45. f3 Rb4 46. Ke3 Ke5 47. Be2 g5 48. Bd3 h6 49. Be2 Rb3+ 50. Bd3 Rb4 51. Be2 Rb3+ 52. Bd3 Ra3 53. Kf2 Ra2+ 54. Ke3 Rb2 55. Be2 Rb3+ 1/2-1/2

[Event "Late-Titled-Tuesday-Blitz-April-16-2024"]
[Site "Chess.com"]
[Date "2024.04.16"]
[Round "2"]
[White "joksijoksi"]
[Black "Aygehovit1992"]
[Result "0-1"]
[WhiteElo "2498"]
[BlackElo "2774"]
[TimeControl "180+1"]
[EndTime "14:18:16 PDT"]
[Termination "Aygehovit1992 won by resignation"]

1. d4 Nf6 2. c4 g6 3. Nc3 Bg7 4.
e4 d6 5. Be2 O-O 6. Be3 Na6 7.
Nf3 e5 8. d5 Nc5 9. Nd2 a5 10.
O-O Nfd7 11. Qc2 f5 12. exf5 gxf5 13. f4 exf4 14. Bxf4 Ne5 15. Rae1 Bd7 16. b3 Qh4 17. Bxe5 dxe5 18. Nf3 Qh6 19. Nb5 Bxb5 20. cxb5 b6 21. a3 e4 22. Nd2 Bd4+ 23. Kh1 Be5 24. h3 Qh4 25. Nc4 Bf4 26. d6 Qg3 27. Rxf4 Qxf4 28.
b4 axb4 29. axb4 Qg3 30. Rd1 Ne6 31. dxc7 Qxc7 32. Qb3 Kh8 33. Nd6 Nf4 34. Bf1 Qg7 35.
Qe3 Nh5 36. Qxb6 Ng3+ 37. Kh2 Ra2 38. Bc4 Rc2 39. Qd4 Qxd4 40. Rxd4 f4 41. b6 Nh5 42. b7 f3 43. Nf7+ Kg7 44. Rd7 Rxg2+ 0-1

[Event "Late-Titled-Tuesday-Blitz-April-16-2024"]
[Site "Chess.com"]
[Date "2024.04.16"]
[Round "2"]
[White "ccccvhhhj"]
[Black "protectiago"]
[Result "1-0"]
[WhiteElo "2437"]
[BlackElo "2036"]
[TimeControl "180+1"]
[EndTime "14:18:16 PDT"]
[Termination "ccccvhhhj won on time"]

1. e4 e5 2. Nf3 Nc6 3. Bc4 Bc5 4. b4 Bxb4 5. c3 Ba5 6. d4 d6 7.
O-O Bb6 8. dxe5 dxe5 9. Qb3 Qf6 10. Bg5 Qg6 11. Nbd2 f6 12. Bxg8 Na5 13. Qc2 Rxg8 14. Bh4 Be6 15. Nb3 Nc6 16. Bg3 O-O-O 17. a4 a5 18. Rab1 h5 19. Nh4 Qf7 20. Nf5 g5 21.
Nh6 Bxb3 22. Rxb3 Qe6 23. Nxg8 h4 24. Nh6 hxg3 25. hxg3 Rh8 26. Nf5 Qg8 27. Rxb6 cxb6 28. f3 Qe6 29. Qf2 Kc7 30. Rb1 Nd8 31. Ne3 Qf7 32.
Nd5+ Kb8 33. Qxb6 Ne6 34. Qd6+ Ka8 35. Qb6 Kb8 36. Qxa5 Rc8 37. Qb4 Rc6 38. a5 Nc5 39. Qb5 Qe6 40. c4 Na6 41. Rd1 f5 42. exf5 Qxf5 43.
Ne7 Qc2 44. Nxc6+ 1-0

[Event "Late-Titled-Tuesday-Blitz-April-16-2024"]
[Site "Chess.com"]
[Date "2024.04.16"]
[Round "2"]
[White "BogdanDeac"]
[Black "AlexPapasimakopoulos"]
[Result "0-1"]
[WhiteElo "2997"]
[BlackElo "2641"]
[TimeControl "180+1"]
[EndTime "14:18:17 PDT"]
[Termination "AlexPapasimakopoulos won on time"]

1. d4 e6 2. Nf3 Nf6 3. c4 Bb4+ 4. Bd2 Qe7 5. g3 Nc6 6. Nc3 b6 7. Bg2 Na5 8. Ne5 Bb7 9. Bxb7 Nxb7 10. O-O O-O 11.
a3 Bxc3 12. Bxc3 d6 13. Nd3 Ne4 14. Be1 f5 15. f3 Nf6 16. Bc3 a5 17. b4 Qd7 18.
Qc2 Qc6 19. Bb2 b5 20. c5 axb4 21. axb4 Ra4 22. Nf4 d5 23. Rxa4 bxa4 24. Ra1 Ra8 25. Qd3 Nd8 26. b5 Qb7 27. Ba3 g5 28. Nh3 Nf7 29.
Rb1 h6 30. Nf2 Kg7 31. Nd1 Qc8 32. Nc3 h5 33. e4 h4 34. gxh4 g4 35. e5 Nh5 36.
fxg4 fxg4 37. Qe2 Nh6 38. Bc1 Qg8 39. Qe3 Qh7 40. Qxh6+ Qxh6 41. Bxh6+ Kxh6 42. Ra1 a3 43. b6 cxb6 44. cxb6 Nf4 45. Kf2 Kh5 46. Kg3 Ng6 47.
h3 gxh3 48. Kxh3 Nxh4 49. Rb1 Nf5 50. b7 Rb8 51. Rb4 Kg5 0-1

[Event "Late-Titled-Tuesday-Blitz-April-16-2024"]
[Site "Chess.com"]
[Date "2024.04.16"]
[Round "2"]
[White "andrew-blr"]
[Black "Kimkibo"]
[Result "1-0"]
[WhiteElo "2653"]
[BlackElo "2380"]
[TimeControl "180+1"]
[EndTime "14:18:17 PDT"]
[Termination "andrew-blr won by resignation"]

1. d4 d5 2. c4 e6 3. Nc3 Nf6 4.
cxd5 exd5 5. Bg5 Be7 6. e3 O-O 7.
Bd3 c6 8. Nge2 Nbd7 9. Qc2 Re8 10. O-O Nf8 11. f3 g6 12. Rae1 Ne6 13. Bh4 Ng7 14. Kh1 Nf5 15. Bf2 Bb4 16. Nc1 Bd7 17.
a3 Bf8 18. e4 Ng7 19. e5 Nfh5 20. N1e2 Ne6 21. g3 c5 22. dxc5 Bxc5 23. f4 Bc6 24.
Kg1 Rc8 25. Bxc5 Nxc5 26. Nd4 Ne6 27. Qf2 Qb6 28. Nf3 d4 29. Ne4 Nhxf4 30. gxf4 Nxf4 31. Nf6+ Kf8 32. Qd2 Nxd3 33. Qxd3 Re7 34. Nxh7+ Kg7 35. Nfg5 Qxb2 36. Rf2 Qc3 37. Qf1 Bd5 38. e6 Bc4 39.
Rxf7+ Kh6 40. Qf2 Rxf7 41. exf7 Kg7 42. Qf6+ Kh6 43. f8=Q+ Rxf8 44. Qxf8+ Kh5 45. Qf3+ Qxf3 46. Nxf3 1-0

[Event "Late-Titled-Tuesday-Blitz-April-16-2024"]
[Site "Chess.com"]
[Date "2024.04.16"]
[Round "2"]
[White "BenchGM"]
[Black "GMMikhailKazakov"]
[Result "0-1"]
[WhiteElo "2303"]
[BlackElo "2518"]
[TimeControl "180+1"]
[EndTime "14:18:19 PDT"]
[Termination "GMMikhailKazakov won by checkmate"]

1. e4 e5 2. Nf3 Nc6 3. Bb5 Nf6 4. d3 d6 5. O-O Be7 6. c3 O-O 7. h3 Bd7 8. Re1 Qe8 9. Nbd2 Bd8 10.
Nf1 Ne7 11. Bc4 Ng6 12. Bg5 h6 13. Bd2 c6 14. a4 a5 15. N3h2 Be6 16. Bxe6 fxe6 17.
Ng3 Qf7 18. Be3 Nf4 19. d4 Ng6 20. Ng4 Nxg4 21. Qxg4 Bb6 22. Rad1 exd4 23. cxd4 e5 24. Nf5 Rad8 25. Bxh6 Bxd4 26. Rxd4 exd4 27. Bxg7 Rfe8 28.
Bxd4 Qh7 29. h4 Kf7 30. h5 Ne5 31. Bxe5 dxe5 32. Qe2 Kf8 33. h6 Qg6 34. Qc4 Qe6 35. Qc5+ Kg8 36. Re3 Kh7 37. Rg3 Rg8 38. Rg7+ Rxg7 39.
hxg7 Qg6 40. Qf8 Rd1+ 41. Kh2 Qh5+ 42. Kg3 Qg5+ 43. Kf3 Qf4+ 44. Ke2 Rd2+ 45. Ke1 Qxf2# 0-1

[Event "Late-Titled-Tuesday-Blitz-April-16-2024"]
[Site "Chess.com"]
[Date "2024.04.16"]
[Round "2"]
[White "PawnEatingZombie"]
[Black "fviana"]
[Result "0-1"]
[WhiteElo "2237"]
[BlackElo "2487"]
[TimeControl "180+1"]
[EndTime "14:18:19 PDT"]
[Termination "fviana won on time"]

1. e4 c5 2. c3 Nf6 3. e5 Nd5 4. Nf3 d6 5. d4 cxd4 6. cxd4 e6 7. Bc4 Nb6 8. Bd3 Nc6 9. O-O Be7 10. Qe2 Nb4 11.
Be4 d5 12. Bc2 Nxc2 13. Qxc2 O-O 14. Nc3 Bd7 15. Re1 Rc8 16. a3 Na4 17. Bd2 Qb6 18.
Nxa4 Rxc2 19. Nxb6 axb6 20. Bc3 Rc8 21. Re3 Bb5 22.
Ne1 Re2 23. Rxe2 Bxe2 24. f3 Bc4 25. Kf2 b5 26. Ke3 Ra8 27. Rc1 g5 28. Nd3 h5 29.
g3 Kh7 30. Bb4 Bd8 31. Nc5 b6 32. Nd7 Ra7 33. Nf6+ Kg6 34. Ne8 Rd7 35. f4 h4 36.
Rc2 Kf5 37. Rf2 hxg3 38. hxg3 gxf4+ 39. Rxf4+ Kg6 40. Nf6 Ra7 41. Rg4+ Kf5 42. Rf4+ Kg6 43. Rg4+ Kh6 44. Rg8 Bxf6 45. exf6 Kh7 46. Rg7+ Kh8 47.
Kf4 Ba2 48. Ke5 Bb1 49. g4 Bg6 50. Rxg6 fxg6 51. Kxe6 Kg8 52. f7+ Rxf7 53. Kxd5 Rf4 54. g5 Rf5+ 55. Kc6 Rxg5 56. Kxb6 Rd5 57. b3 Rxd4 58.
Kxb5 g5 0-1

[Event "Late-Titled-Tuesday-Blitz-April-16-2024"]
[Site "Chess.com"]
[Date "2024.04.16"]
[Round "2"]
[White "IMRosen"]
[Black "N_I_Chess"]
[Result "1-0"]
[WhiteElo "2727"]
[BlackElo "2382"]
[TimeControl "180+1"]
[EndTime "14:18:22 PDT"]
[Termination "IMRosen won by checkmate"]

1. d4 Nf6 2. Bf4 d5 3. e3 Bf5 4.
Nd2 e6 5. Ngf3 Bd6 6. Bg3 O-O 7.
Bd3 Bg6 8. Bxg6 hxg6 9. Ng5 c5 10. c3 Nc6 11. Bxd6 Qxd6 12. f4 b5 13. O-O b4 14.
Rc1 bxc3 15. bxc3 Rab8 16. Rc2 Rb7 17. Qf3 Rfb8 18. Rfc1 Rb2 19. Nb3 Rxc2 20. Rxc2 c4 21. Nc5 Rb1+ 22. Kf2 Ne7 23. g4 Qb6 24. Kg2 Ra1 25. Kh3 Qb1 26. Qe2 Nh7 27. Nf3 Nc6 28. Rb2 Qf1+ 29. Qxf1 Rxf1 30. Kg2 Rc1 31. Rb7 Nf6 32.
Rc7 Nxg4 33. Rxc6 Nxe3+ 34. Kf2 Nd1+ 35. Kg3 Rxc3 36. Nd7 Ne3 37. Ng5 Nf5+ 38. Kf2 Ne7 39. Rc7 f6 40. Nxe6 Rc2+ 41. Ke1 Rxa2 42. Ndc5 Nf5 43.
Rc8+ Kh7 44. Nf8+ Kh6 45. Nfe6 Ra1+ 46. Kd2 Ra2+ 47. Kc3 Rxh2 48. Rh8# 1-0

[Event "Late-Titled-Tuesday-Blitz-April-16-2024"]
[Site "Chess.com"]
[Date "2024.04.16"]
[Round "2"]
[White "DirtyKabab"]
[Black "ArchibaldCerveza29"]
[Result "1-0"]
[WhiteElo "2536"]
[BlackElo "2341"]
[TimeControl "180+1"]
[EndTime "14:18:22 PDT"]
[Termination "DirtyKabab won on time"]

1. e4 e5 2. Nf3 Nc6 3. Nc3 Nf6 4. a3 d5 5. Bb5 Nxe4 6. Qe2 Nxc3 7. dxc3 Bd6 8. Nxe5 O-O 9. Nxc6 bxc6 10. Bxc6 Rb8 11. b4 Bd7 12. Bxd7 Qxd7 13. O-O Rfe8 14. Qf3 Re4 15. Be3 Be5 16. Rad1 Qe6 17. Bxa7 Re8 18. a4 Rf4 19. Qxd5 Qxd5 20. Rxd5 Bxc3 21. Rc5 Bxb4 22.
Rxc7 Ba5 23. Rc6 Rxa4 24. Be3 Bd8 25. Rd1 Bf6 26. g3 h6 27. c4 Kh7 28. Rd7 Kg6 29. Rcc7 Rf8 30. h4 h5 31. Kg2 Ra2 32. Kf3 Rc2 33.
c5 Kf5 34. Rxf7 Rxf7 35. Rxf7 Ke6 36. Rb7 Kd5 37. Rd7+ Ke6 38. Rd6+ Ke7 39. Ke4 Rc4+ 40.
Kd5 Rc2 41. Re6+ Kd7 42. c6+ Kc8 43. Re8+ Kc7 44. Bf4+ Kb6 45. Rb8+ Ka7 46. c7 1-0

[Event "Late-Titled-Tuesday-Blitz-April-16-2024"]
[Site "Chess.com"]
[Date "2024.04.16"]
[Round "2"]
[White "biesiadnik"]
[Black "GMG"]
[Result "0-1"]
[WhiteElo "2546"]
[BlackElo "2828"]
[TimeControl "180+1"]
[EndTime "14:18:23 PDT"]
[Termination "GMG won by resignation"]

1. e4 c5 2. Nf3 Nc6 3. Bb5 e6 4. Bxc6 bxc6 5. b3 Ne7 6. e5 Ng6 7. Bb2 f6 8. h4 Be7 9. h5 Nxe5 10. Nxe5 fxe5 11. Bxe5 O-O 12. h6 g6 13. Nc3 d6 14.
Bg7 Rf7 15. Qe2 e5 16. O-O-O a5 17. a4 Be6 18. d3 Qb6 19. f4 Rxf4 20. Bxe5 Bg4 21.
Qe3 dxe5 22. Qxe5 Rf7 23. Rdf1 Raf8 24. Rxf7 Rxf7 25. Ne4 Qd8 26. Kb1 Bf5 27. Rf1 Qd5 28. Qb8+ Rf8 29. Qc7 Bxe4 30. Rxf8+ Bxf8 31. dxe4 Qxe4 32.
Qxa5 Qxg2 33. Qd8 Qd5 34. Qc7 c4 35. Ka2 cxb3+ 36. cxb3 Qd2+ 37. Kb1 Qxh6 38. Qxc6 Qd2 39. Qc4+ Kg7 40. Qc7+ Kf6 41. Qc6+ Bd6 42. Qf3+ Bf4 43. Qc6+ Kg5 44. Qb5+ Kh4 45. Qc4 g5 46. Qe4 h5 47.
Qh1+ Kg4 48. Qg1+ Bg3 49. a5 Qe1+ 50. Qxe1 Bxe1 51. a6 Bf2 52. Kc2 h4 53. Kd3 h3 54.
Ke2 Ba7 55. Kf1 Kg3 56. b4 h2 57. b5 h1=Q+ 58. Ke2 Qe4+ 0-1

[Event "Late-Titled-Tuesday-Blitz-April-16-2024"]
[Site "Chess.com"]
[Date "2024.04.16"]
[Round "2"]
[White "Gabrielian_Artur"]
[Black "JiangoFett"]
[Result "1/2-1/2"]
[WhiteElo "2790"]
[BlackElo "2548"]
[TimeControl "180+1"]
[EndTime "14:18:23 PDT"]
[Termination "Game drawn by repetition"]

1. e4 c5 2. Nf3 Nc6 3. Bb5 e6 4.
Bxc6 bxc6 5. d3 Ne7 6. Nbd2 Ng6 7. h4 h5 8. e5 Be7 9. Ne4 f6 10.
Nd6+ Bxd6 11. exd6 Ba6 12. Qe2 Qb8 13. Qe4 Kf7 14. Rh3 Qb4+ 15. Qxb4 cxb4 16. a3 b3 17. c4 Rhe8 18. Nd4 Rab8 19. Kd2 c5 20. Ne2 Rb6 21. Kc3 Reb8 22. Be3 Rc8 23. Nc1 Rxd6 24.
Nxb3 Rdc6 25. Na5 R6c7 26. b4 cxb4+ 27. axb4 d5 28. c5 e5 29. d4 Bb5 30. g3 Ne7 31. Rhh1 a6 32. Rhe1 Nf5 33. Rad1 Rd7 34. Rd2 Re8 35. Nb3 Bc4 36. Ra1 Nxe3 37. fxe3 exd4+ 38. Nxd4 Rxe3+ 39. Kc2 g6 40. c6 Rc7 41. Ra5 Ke7 42.
Rc5 Kd6 43. Rxc4 dxc4 44. Nf5+ Ke5 45. Nxe3 Rxc6 46. Kc3 Ke4 47. Nd5 Rd6 48. Rd4+ Ke5 49. Kxc4 Rc6+ 50. Kd3 Rd6 51. Kc4 Rc6+ 52. Kd3 Rd6 53. Kc4 1/2-1/2

[Event "Late-Titled-Tuesday-Blitz-April-16-2024"]
[Site "Chess.com"]
[Date "2024.04.16"]
[Round "2"]
[White "Revan_2002"]
[Black "Hirna2005"]
[Result "1-0"]
[WhiteElo "2716"]
[BlackElo "2338"]
[TimeControl "180+1"]
[EndTime "14:18:23 PDT"]
[Termination "Revan_2002 won by checkmate"]

1. Nf3 g6 2. e4 Bg7 3. d4 d6 4.
Bc4 Nf6 5. Qe2 O-O 6. h3 c6 7. e5 dxe5 8. dxe5 Nd5 9. O-O Be6 10. Rd1 Qc8 11. a4 Nc7 12. Nbd2 Nd7 13. Bxe6 Nxe6 14. Nc4 Qc7 15. a5 Rad8 16. Bd2 b5 17. axb6 axb6 18.
Bc3 Ra8 19. Rxa8 Rxa8 20. Qe3 b5 21. Ncd2 b4 22. Bxb4 Nxe5 23. Nxe5 Bxe5 24. Nc4 Bf6 25. Bc3 Bxc3 26. Qxc3 Nf4 27. Qf3 Nd5 28. Qe4 Ra4 29. Qe2 Qb7 30. b3 Ra2 31. g3 Nc3 32. Rd8+ Kg7 33. Qe5+ f6 34. Qxc3 Qa6 35. Rd1 Qb5 36.
Qe3 Kf7 37. Qd3 Qh5 38. Kg2 Ra8 39. Ne3 Qa5 40. Qc4+ Kg7 41. Qe6 Ra7 42. Rd7 Rxd7 43. Qxd7 Qe5 44. Qxc6 h5 45. Qd5 Qc3 46. Qe4 e5 47.
Qc4 Qe1 48. Qc7+ Kh6 49. Qd8 f5 50. Qh8+ Kg5 51. h4# 1-0

[Event "Late-Titled-Tuesday-Blitz-April-16-2024"]
[Site "Chess.com"]
[Date "2024.04.16"]
[Round "2"]
[White "grzechu96"]
[Black "Caterpiller35"]
[Result "1-0"]
[WhiteElo "2766"]
[BlackElo "2475"]
[TimeControl "180+1"]
[EndTime "14:18:26 PDT"]
[Termination "grzechu96 won by checkmate"]

1. e4 c5 2. Nf3 Nc6 3. Bb5 g6 4. Bxc6 bxc6 5. d4 cxd4 6. Qxd4 f6 7. O-O Qb6 8. Qd3 Nh6 9. c4 Nf7 10. b3 Bg7 11. Nc3 d6 12. Be3 Qa5 13. Rfd1 O-O 14. h3 Qh5 15. Nd4 Ne5 16. Qc2 c5 17. Nde2 Bxh3 18.
Nf4 Nf3+ 19. gxf3 Qxf3 20. Qe2 Bg4 21. Qxf3 Bxf3 22. Rd3 f5 23. Rc1 fxe4 24. Rd2 Rf5 25. Ng2 Rh5 26. Ne2 Rf8 27. Ng3 Re5 28. Ne1 Bg4 29.
Rd5 Rxd5 30. cxd5 Bf5 31. Rc4 e6 32. dxe6 d5 33. e7 Re8 34. Rxc5 d4 35. Bg5 h6 36. Nxf5 gxf5 37. Bh4 d3 38. Rd5 Kf7 39. Ng2 Ke6 40. Ra5 Be5 41. Ne3 f4 42. Nc4 Bd4 43. Ra6+ Kf5 44. Nd6+ Kg4 45. Nxe8 e3 46. Nf6+ Kxh4 47. e8=Q e2 48. Qh5# 1-0

[Event "Late-Titled-Tuesday-Blitz-April-16-2024"]
[Site "Chess.com"]
[Date "2024.04.16"]
[Round "2"]
[White "FontVella8"]
[Black "MeisterJabo"]
[Result "1/2-1/2"]
[WhiteElo "2750"]
[BlackElo "2478"]
[TimeControl "180+1"]
[EndTime "14:18:26 PDT"]
[Termination "Game drawn by repetition"]

1. e4 e5 2. Nf3 Nf6 3. Nxe5 d6 4. Nf3 Nxe4 5. d4 d5 6. Bd3 Bd6 7. O-O O-O 8. c4 c6 9. Nc3 Nxc3 10. bxc3 dxc4 11. Bxc4 Bg4 12. h3 Bh5 13. Re1 Nd7 14.
Qd3 b5 15. Bb3 Nb6 16. Ng5 Bg6 17. Qf3 Nd5 18. Ne4 Be7 19. a4 a6 20. Bd2 Qd7 21. Re2 Rfe8 22. Rae1 Rec8 23. Ng3 Bf6 24. Nh5 Bxh5 25.
Qxh5 g6 26. Qf3 Bg7 27. Re7 Qf5 28. Qxf5 gxf5 29. Rd7 Rc7 30. Bxd5 Rxd7 31. Bxc6 Rdd8 32. Bxa8 Rxa8 33. axb5 axb5 34. Re7 b4 35. cxb4 Bxd4 36. Bh6 Bg7 37. Bxg7 Kxg7 38. Rb7 Ra1+ 39. Kh2 Rb1 40.
Kg3 Kg6 41. b5 Rb3+ 42. f3 h5 43. Rb8 Rb4 44. f4 Kg7 45. b6 Rb2 46. b7 Rb4 47.
Kf2 Kh7 48. Kg3 Kg7 49. Kf3 Kh7 50. Kg3 Kg7 1/2-1/2

[Event "Late-Titled-Tuesday-Blitz-April-16-2024"]
[Site "Chess.com"]
[Date "2024.04.16"]
[Round "2"]
[White "Savagelittlemole"]
[Black "FMOlexandrProhorov"]
[Result "1-0"]
[WhiteElo "2505"]
[BlackElo "2274"]
[TimeControl "180+1"]
[EndTime "14:18:26 PDT"]
[Termination "Savagelittlemole won on time"]

1. d4 c5 2. d5 d6 3. g3 g6 4. Bg2 Bg7 5. Nf3 f5 6. O-O Nf6 7. c3 O-O 8. Bg5 e6 9. dxe6 Bxe6 10. Bf4 d5 11. Ng5 Bc8 12. Be5 Nc6 13. Bxf6 Qxf6 14. Qxd5+ Kh8 15. h4 h6 16. Nf3 Qe7 17. Na3 Be6 18.
Qd2 Rad8 19. Qe3 b6 20. Rad1 Qf7 21. h5 Ne7 22. Ne5 Qf6 23. Nxg6+ Nxg6 24. hxg6 Qxg6 25. Nb5 Bxa2 26. Nxa7 Rfe8 27. Rxd8 Rxd8 28. Nc6 Re8 29. Qd3 Qe6 30. Bf3 Bc4 31. Qd2 Kh7 32.
Re1 Bb5 33. Na7 Bc4 34. e4 Kh8 35. b3 Ba6 36. c4 Re7 37. Nb5 Bxb5 38. cxb5 Bd4 39.
Kf1 Kh7 40. exf5 Qd7 41. Rxe7+ Qxe7 42. Qd3 Qf6 43. Kg2 Qe5 44. Qc4 Kg7 45. Qd3 Qe1 46.
Qe2 Qb1 47. Qe7+ Kh8 48. Qf8+ Kh7 49. Bd5 1-0

[Event "Late-Titled-Tuesday-Blitz-April-16-2024"]
[Site "Chess.com"]
[Date "2024.04.16"]
[Round "2"]
[White "KNVB"]
[Black "Mikhal867"]
[Result "1-0"]
[WhiteElo "2788"]
[BlackElo "2539"]
[TimeControl "180+1"]
[EndTime "14:18:27 PDT"]
[Termination "KNVB won by resignation"]

1. e4 g6 2. d4 Bg7 3. Bc4 e6 4. Nf3 a6 5. c3 h6 6. a4 b6 7. h4 Ne7 8. Bd3 d6 9. Nbd2 Bb7 10. Qe2 Nd7 11. Nf1 e5 12. Ng3 O-O 13. h5 g5 14.
O-O d5 15. dxe5 Nxe5 16. Nxe5 Bxe5 17. exd5 Bxg3 18. fxg3 Qxd5 19. Bc4 Qc6 20. Bb3 Rae8 21. Qf2 Nf5 22. Bd2 Kg7 23. Rae1 f6 24. c4 Rxe1 25.
Rxe1 Rd8 26. Bc3 Qc5 27. Bc2 Qxf2+ 28. Kxf2 Nd4 29. Re7+ Kf8 30. Rxc7 Ba8 31. Bg6 Ne6 32. Rf7+ Kg8 33. Rxf6 Nc5 34. Rxb6 Rf8+ 35. Ke3 Nxa4 36.
Rxa6 Nxc3 37. bxc3 Rc8 38. Kd4 Rd8+ 39. Kc5 Bxg2 40.
Rb6 Rc8+ 41. Kb4 Bf1 42. c5 Bg2 43. Bf5 Rf8 44. g4 Re8 45. Rxh6 Re1 46. c6 Rb1+ 47. Bxb1 Be4 48. Bxe4 Kg7 49. Rg6+ Kf7 50. Bg2 Ke7 51. Kc5 Kd8 52. Kd6 Kc8 53. Rg7 1-0